 Dungeon Crawl Stone Soup version 0.27-a0-1586-gd5c625afe7 (webtiles) character file.

Game seed: 10600618118026975558

0 Feb132020 the Grasshopper (level 1, 2/10 HPs)
             Began as a Spriggan Warper on July 18, 2021.
             Got out of the dungeon alive.
             The game lasted 00:02:06 (235 turns).

Feb132020 the Grasshopper (Spriggan Warper)          Turns: 235, Time: 00:02:07

Health: 2/10       AC:  2    Str:  7    XL:     1   Next: 8%
Magic:  5/5        EV: 17    Int: 14    God:
Gold:   19         SH:  0    Dex: 14    Spells: 5/5 levels left

rFire    . . .     SeeInvis +   a - +0 short sword
rCold    . . .     Faith    .   (shield restricted)
rNeg     . . .     Spirit   .   b - +0 robe
rPois    .         Reflect  .   (helmet restricted)
rElec    .         Harm     .   (no cloak)
rCorr    .         Rampage  .   (gloves unavailable)
Will     .....                  (boots unavailable)
Stlth    +.........             (no amulet)
HPRegen  0.03/turn              (no ring)
MPRegen  0.09/turn              (no ring)

@: very quick
A: very small, no large weapons, unfitting armour, see invisible, speed 3
a: no special abilities


You escaped.
You visited 1 branch of the dungeon, and saw 2 of its levels.

You collected 19 gold pieces.

Inventory:

Hand Weapons
 a - a +0 short sword (weapon)
Missiles
 d - 5 boomerangs of dispersal (quivered)
Armour
 b - a +0 robe (worn)
Jewellery
 e - a ring of fire
Scrolls
 c - a scroll of blinking
 f - a scroll of silence {unknown}


   Skills:
 + Level 1.5 Fighting
 + Level 2.1 Short Blades
 + Level 1.0 Throwing
 + Level 3.2 Dodging
 + Level 0.4 Stealth
 + Level 2.6 Spellcasting
 + Level 4.4 Translocations


You had 5 spell levels left.
You didn't know any spells.
Your spell library contained the following spells:

 Spells                   Type           Power      Damage    Failure   Level
 Blink                    Tloc           N/A        N/A       5%          2
 Gell's Gravitas          Tloc           7%         N/A       11%         3
 Lesser Beckoning         Tloc           7%         N/A       11%         3
 Teleport Other           Tloc           14%        N/A       11%         3
 Manifold Assault         Tloc           14%        N/A       71%         5


Dungeon Overview and Level Annotations

Branches:
Dungeon (2/15)

Altars:

Annotations:
D:2 exclusion: door


Innate Abilities, Weirdness & Mutations

You are very small and have problems with some larger weapons.
You are too small for most types of armour.
You have supernaturally acute eyesight. (SInv)
You cover ground extremely quickly. (Speed+++)


Message History

You open the door.
A ball python and a dart slug come into view.
The dart slug moves out of view.
Found a scroll labelled WOACLU GENLIAPS.
Found a stone staircase leading up.
The ball python hisses angrily.
A giant cockroach comes into view.
There is an open door here.
You close the door.
The dart slug launches a dart at you. The slug dart hits you.
Unknown command.
The ball python bites you. The ball python grabs you.
The ball python constricts you.
You escape the ball python's grasp.
Found a metallic black potion.
There is a stone staircase leading up here.
You see here a scroll labelled WOACLU GENLIAPS.
f - a scroll labelled WOACLU GENLIAPS A quokka comes into view.
The ball python closely misses you. The ball python barely misses you.
There is a stone staircase leading up here.
The ball python closely misses you. x2
You climb upwards.
There is a stone staircase leading down here.
You hit the ball python.
You kill the ball python!
You hit the endoplasm but do no damage. The endoplasm freezes you.
You are frozen.
You barely miss the endoplasm. The endoplasm freezes you.
You are frozen.
Ouch! That really hurt!
* * * LOW HITPOINT WARNING * * *
You aren't carrying any potions.
Unknown command.
There is a staircase leading out of the dungeon here.
Are you sure you want to leave the Dungeon?
This will make you lose the game!
You have escaped!

####..#.#.####
##.#.#.J..#
#...####.#
##..####.#######
#..#..........#
###.#.##[......#
#.#.#.##.......#
#>#...##########
#@#.### #.#J#
#J#.# #...#
#####


You could see an endoplasm.

Vanquished Creatures
  A ball python (D:1)
1 creature vanquished.

Notes
Turn   | Place    | Note
-------+----------+-------------------------------------------
     0 | D:1      | Feb132020 the Spriggan Warper began the quest for the Orb.
     0 | D:1      | Reached XP level 1. HP: 10/10 MP: 5/5
    48 | D:1      | You fall into a shaft and drop 1 floor!
   235 | D:$      | Got out of the dungeon alive.

Illustrated notes

Levels and vault maps discovered:
D:1:      dpeg_arrival_tiny_i, layout_basic, kennysheep_boxes
D:2:      layout_basic

Action                   || total
-------------------------++-------
Melee: Short sword       ||     5
 Stab: Sleeping          ||     1
Dodge: Dodged            ||     5

Table legend: (Time is in decaauts)
 A = Elapsed time spent in this place.
 B = Non-inter-level travel time spent in this place.
 C = Inter-level travel time spent in this place.
 D = Time resting spent in this place.
 E = Time spent auto-exploring this place.
 F = Levels seen in this place.
 G = Mean time per level.
                   A        B        C        D        E       F      G
               +--------+--------+--------+--------+--------+-----+--------+
         Total |    179 |    179 |      0 |      0 |     96 |   2 |   89.5 |
       Dungeon |    179 |    179 |      0 |      0 |     96 |   2 |   89.5 |
               +--------+--------+--------+--------+--------+-----+--------+

Top non-repeatable levels by time:
     D:2: 140 daAuts
     D:1: 38 daAuts
